 Dungeon Crawl Stone Soup version 0.32-a0-995-gb4a59205af (webtiles) character file.

Game seed: 4001686129854172366

70 protoss039 the Digger (level 4, 33/33 HPs)
             Began as a Demonspawn Earth Elementalist on Apr 22, 2024.
             Got out of the dungeon alive.
             The game lasted 00:01:54 (1679 turns).

protoss039 the Digger (DsEE)                        Turns: 1679, Time: 00:01:54

Health: 33/33      AC:  4    Str:  8    XL:     4   Next: 3%
Magic:  8/8        EV: 11    Int: 17    God:
Gold:   99         SH:  0    Dex: 14    Spells: 1/8 levels left

rFire   . . .        l - +2 spear (heavy)
rCold   . . .        (no shield)
rNeg    . . .        a - +0 robe
rPois   .            (helmet restricted)
rElec   .            (no cloak)
rCorr   .            (no gloves)
SInv    .            (no boots)
Will    .....        (no amulet)
Stlth   ++           (no ring)
HPRegen 0.25/turn    (no ring)
MPRegen 0.11/turn

%: no passive effects
@: no status effects
A: antennae 1, icy blue scales 1
a: no special abilities


You escaped.
You visited 1 branch of the dungeon, and saw 3 of its levels.

You collected 99 gold pieces.

Inventory:

Hand Weapons
 l - a +2 heavy spear (weapon)
Armour
 a - a +0 robe (worn)
Scrolls
 c - a scroll of butterflies {unknown}
 d - a scroll of blinking {unknown}
 e - 3 scrolls of identify {unknown}
 g - a scroll of revelation {unknown}
 k - a scroll of vulnerability {unknown}
Potions
 b - a potion of magic
 f - 2 potions of curing {unknown}
 h - a potion of berserk rage {unknown}
 i - a potion of haste {unknown}
 j - 2 potions of heal wounds {unknown}


   Skills:
 + Level 2.0 Fighting
 - Level 1.7 Dodging
 - Level 1.7 Stealth
 + Level 2.8 Spellcasting
 - Level 1.0 Conjurations
 + Level 3.3 Earth Magic


You had one spell level left.
You knew the following spells:

 Your Spells              Type           Power      Damage    Failure   Level
a - Sandblast             Erth           26%        2d8       4%          1
b - Passwall              Erth           13%        N/A       14%         3
c - Stone Arrow           Conj/Erth      18%        3d8       22%         3

Your spell library contained the following spells:

 Spells                   Type           Power      Damage    Failure   Level
 Freeze                   Ice            8%         1d3       19%         1
 Hailstorm                Conj/Ice       4%         3d5       41%         3
 Frozen Ramparts          Ice            4%         1d1       47%         3
 Brom's Barrelling Bould  Conj/Erth      9%         2d3       58%         4
 Petrify                  Alch/Erth      8%         N/A       65%         4
 Dispersal                Tloc           1%         N/A       100%        6
 Gell's Gavotte           Tloc           1%         2d(11-17) 100%        6
 Manifold Assault         Tloc           1%         N/A       100%        7
 Disjunction              Tloc           1%         N/A       100%        8


Dungeon Overview and Level Annotations

Branches:
Dungeon (3/15) Zot: 16289

Altars:


Innate Abilities, Weirdness & Mutations

You have a pair of small antennae on your head.
You are partially covered in icy blue scales. (AC +2)


Message History

Casting: Sandblast (safe; 4% risk of failure)
Confirm with . or Enter, or press ? or * to list all spells.
Aiming: Sandblast (safe; 4% risk of failure)
Press: ? - help, Shift-Dir - straight line, f - rat
Aim: a rat (82% to hit)
The blast of sand hits the rat!
You kill the rat!
An endoplasm comes into view.
Unknown command.
Casting: Sandblast (safe; 4% risk of failure)
Confirm with . or Enter, or press ? or * to list all spells.
Aiming: Sandblast (safe; 4% risk of failure)
Press: ? - help, Shift-Dir - straight line, f - you
Okay, then.
The endoplasm quivers.
Found 2 poisoned darts.
There is a stone staircase leading down here.
Casting: Sandblast (safe; 4% risk of failure)
Confirm with . or Enter, or press ? or * to list all spells.
Aiming: Sandblast (safe; 4% risk of failure)
Press: ? - help, Shift-Dir - straight line, f - endoplasm
Aim: an endoplasm (98% to hit)
The blast of sand hits the endoplasm!
You kill the endoplasm!
Unknown command.
What level of the Dungeon? (default 2, ? - help)
You see here a bat corpse.
There is a stone staircase leading up here.
You climb upwards.
There is a stone staircase leading down here.
You see here 7 stones.
There is a stone staircase leading up here.
You climb upwards.
There is a stone staircase leading down here.
Magic restored.
There is a large open door here.
There is a large open door here.
There is a large open door here.
There is a staircase leading out of the dungeon here.
You have escaped!

#...# #.##.# #.# #..##. #.###
#.##.# #.# #..##. ..# #.##.# #.#
#..##. #.# ###########.# #..##.
..## ######......# #..##. )..#
#....####.### #..##. ##.#
#####.≈≈.####.########..##. ##.#
#.'.'.§§§'.##...........##. ##.#
#.'.'.§§.'@#.#########.##.. ##.#
#.###.§§§####.## #.##.# ##.#
#..##....# ##.## #.##.# ##.#
#...######## ##.# #.##.# ##.##
#.### ##.###.## #.##.#
....###.#######.#.#.#.######.##.#
###............###.###.......##.#
#>###.#####.#.#####.#########.#
#.# #÷# #.#..###)...........#


There were no monsters in sight!

Vanquished Creatures
  2 adders (D:2)
  A dart slug (D:2)
  A ribbon worm (D:2)
  An orc (D:3)
  6 ball pythons
  5 endoplasms
  3 giant cockroaches (D:1)
  5 goblins
  2 hobgoblins (D:2)
  A kobold (D:2)
  2 quokkas (D:1)
  3 bats
  2 frilled lizards (D:1)
  10 rats
44 creatures vanquished.

Notes
Turn   | Place    | Note
-------+----------+-------------------------------------------
     0 | D:1      | protoss039 the Demonspawn Earth Elementalist began the
                  | quest for the Orb.
     0 | D:1      | Reached XP level 1. HP: 13/13 MP: 3/3
   177 | D:1      | Gained mutation: You have a pair of small antennae on your
                  | head. [demonic ancestry]
   177 | D:1      | Reached XP level 2. HP: 20/20 MP: 3/5
   284 | D:1      | Reached skill level 1 in Fighting
   358 | D:1      | Reached skill level 3 in Earth Magic
   879 | D:2      | Reached XP level 3. HP: 26/26 MP: 4/6
  1570 | D:2      | Learned a level 3 spell: Passwall
  1574 | D:2      | Learned a level 3 spell: Stone Arrow
  1620 | D:3      | Gained mutation: You are partially covered in icy blue
                  | scales. (AC +2) [demonic ancestry]
  1620 | D:3      | Reached XP level 4. HP: 33/33 MP: 6/8
  1679 | D:$      | Got out of the dungeon alive.

Illustrated notes

Levels and vault maps discovered:
D:1:      lightli_arrival_lavapool, layout_loops_ring, minmay_surrounded
D:2:      layout_basic, hangedman_decor_diamond_cutter
D:3:      minmay_angry_zag, layout_basic, uniq_terence, uniq_crazy_yiuf_cottage

Skill      XL: |  1  2  3 |
---------------+----------+-----
Fighting       | 1 2 |  2.0
Earth Magic    | 3 |  3.3
Dodging        | |  1.7
Stealth        | |  1.7
Spellcasting   | |  2.8
Conjurations   | |  1.0

Action                     |  1- 3 |  4- 6 || total
---------------------------+-------+-------++-------
  Melee: Unarmed           |     1 |       ||     1
         Rapier            |    11 |       ||    11
         Spear             |     2 |       ||     2
   Cast: Sandblast         |    55 |     2 ||    57
 Armour: Robe              |    28 |       ||    28
  Dodge: Dodged            |    28 |       ||    28

Table legend: (Time is in decaauts)
 A = Elapsed time spent in this place.
 B = Non-inter-level travel time spent in this place.
 C = Inter-level travel time spent in this place.
 D = Time resting spent in this place.
 E = Time spent auto-exploring this place.
 F = Levels seen in this place.
 G = Mean time per level.
                   A        B        C        D        E       F      G
               +--------+--------+--------+--------+--------+-----+--------+
         Total |   1710 |   1578 |    132 |      0 |   1314 |   3 |  570.0 |
       Dungeon |   1710 |   1578 |    132 |      0 |   1314 |   3 |  570.0 |
               +--------+--------+--------+--------+--------+-----+--------+

Top non-repeatable levels by time:
     D:1: 881 daAuts
     D:2: 766 daAuts
     D:3: 63 daAuts
